 Dungeon Crawl Stone Soup version 0.30-a0-223-gcb0039aa0c (webtiles) character file.

Game seed: 5503908242579903477

791 sscrono2 the Insei (level 7, -2/45 (46) HPs)
             Began as an Octopode Delver on Oct 9, 2022.
             Was an Elder of Ru.
             Slain by a wight
             ... wielding a +4 scimitar
              (19 damage)
             ... on level 5 of the Dungeon.
             The game lasted 00:10:59 (4542 turns).

sscrono2 the Insei (Octopode Delver)                Turns: 4542, Time: 00:11:00

HP:   -2/45 (46)    AC:  1    Str: 16    XL:     7   Next: 88%
MP:   9/9           EV: 13    Int: 18    God:    Ru [****..]
Gold: 193           SH:  0    Dex: 13    Spells: 6/8 levels left

rFire   x . .      SeeInvis .      - Unarmed
rCold   . . .      Faith    .    (no shield)
rNeg    . . .      Spirit   .    (helmet restricted)
rPois   .          Reflect  .    l - amulet of magic regeneration
rElec   .          Harm     .    i - +6 ring of strength
rCorr   +          Rampage  .    o - ring of resist corrosion
Will    .....                    u - ring of protection from cold
Stlth   ++++......               (no ring)
HPRegen 0.27/turn                (no ring)
MPRegen 0.51/turn                (no ring)
                                 (no ring)
                                 (no ring)

@: lightly drained
A: almost no armour, amphibious, 8 rings, camouflage 1, gelatinous body 1,
inability to use devices, temperature sensitive, (nimble swimmer 1), tentacles,
clever 1, high MP 1, evolution 1
a: Renounce Religion, Draw Out Power, Power Leap


You were on level 5 of the Dungeon.
You worshipped Ru.
Ru was greatly pleased with you.
You visited 2 branches of the dungeon, and saw 6 of its levels.
You also visited: Sewer.

You collected 193 gold pieces.

Inventory:

Missiles
 b - 8 poisoned darts (quivered)
 f - 2 curare-tipped darts
Armour
 s - a +0 buckler
Jewellery
 i - a +6 ring of strength (left tentacle)
 l - an amulet of magic regeneration (around mantle)
 o - a ring of resist corrosion (right tentacle)
 u - a ring of protection from cold (on tentacle)
Scrolls
 a - 4 scrolls of fog
 c - 4 scrolls of fear
 g - 2 scrolls of amnesia
 j - 4 scrolls of teleportation
 k - a scroll of blinking {unknown}
 n - a scroll of magic mapping
 r - a scroll of immolation {unknown}
 t - a scroll of noise {unknown}
 w - a scroll of poison {unknown}
 x - a scroll of torment {unknown}
Potions
 d - 5 potions of haste
 m - a potion of curing
 p - 3 potions of heal wounds
 q - a potion of magic
 v - a potion of attraction {unknown}


   Skills:
 + Level 3.4 Fighting
 + Level 2.5 Dodging
 - Level 6.6 Stealth
 + Level 1.7 Shields
 * Level 7.2 Unarmed Combat
 + Level 1.1 Spellcasting
 * Level 2.0 Transmutations
 * Level 2.0 Earth Magic


You had 6 spell levels left.
You knew the following spells:

 Your Spells              Type           Power      Damage    Failure   Level
a - Passwall              Tmut/Erth      6%         N/A       13%         2

Your spell library contained the following spells:

 Spells                   Type           Power      Damage    Failure   Level
 Ensorcelled Hibernation  Hex/Ice        2%         N/A       30%         2
 Swiftness                Air            1%         N/A       52%         3
 Tukima's Dance           Hex            1%         N/A       52%         3
 Passage of Golubria      Tloc           1%         N/A       89%         4
 Yara's Violent Unravell  Hex/Tmut       2%         3d3       98%         5


Dungeon Overview and Level Annotations

Branches:
Dungeon (5/15)             Temple (1/1) D:5           Sewer (visited)

Altars:
Ashenzari
Cheibriados
Dithmenos
Elyvilon
Fedhas
Gozag
Hepliaklqana
Makhleb
Nemelex Xobeh
Okawaru
Ru
Sif Muna
Trog
Uskayaw
Vehumet
Xom
Yredelemnul
Zin
The Shining One


Innate Abilities, Weirdness & Mutations

You cannot wear most types of armour.
You are amphibious.
You can wear up to eight rings at the same time.
Your skin changes colour to match your surroundings (Stealth+).
Your rubbery body absorbs attacks. (AC +1, EV +1)
You cannot study or use magical devices.
You are sensitive to extremes of temperature. (rF-, rC-)
((You are camouflaged when in or above water. (Stealth+)))
You have tentacles for arms and can constrict up to eight enemies at once.
Your mind is acute. (Int +4, Str/Dex -1)
You have an increased reservoir of magic. (+10% MP)
You have hidden genetic potential.


Message History

You constrict the wight. The wight hits you with a +0 mace!
You feel drained.
You focus your inner power and blind the wight in retribution!
You tentacle-slap the wight. You squeeze the wight.
You destroy the wight!
Your life force feels restored.
Your Transmutations skill increases to level 2!
Your Earth Magic skill increases to level 2!
You tentacle-slap the dart slug. You grab the dart slug.
You squeeze the dart slug.
You kill the dart slug!
No target in view!
Okay, then.
Found a stone staircase leading up.
Found a stone staircase leading down.
A wight comes into view. It is wielding a +0 long sword.
A wight comes into view. It is wielding a +4 scimitar.
You catch the helpless wight completely off-guard!
You tentacle-slap the wight. Your grab misses the wight.
The wight is moderately damaged.
The wight completely misses you.
You closely miss the wight. Your grab misses the wight.
The wight is moderately damaged.
The wight barely misses you.
You tentacle-slap the wight. You grab the wight.
The wight is moderately damaged.
You constrict the wight, but do no damage.
The wight hits you with a +0 long sword.
You feel drained.
You tentacle-slap the wight. Your squeeze misses the wight.
The wight is severely damaged.
You constrict the wight. The wight misses you.
The wight hits you with a +0 long sword!
You tentacle-slap the wight.
The wight is severely damaged.
You constrict the wight. The wight misses you.
The wight hits you with a +0 long sword!
You focus your inner power and paralyse the wight in retribution!
You release your grip on the wight.
The wight attacks as you move away! The wight hits you with a +4 scimitar!!
You die...

#...##########..⌠.
#............#....
#.................
#...........##....
##...........##..⌠.
#..................
##.#..........##....
#.............###.##
#.z@..........'.....
#..z..........######
...........<.#####
#.............#
#.............#
#.............#
#.............#
..............#
######


You could see 2 wights.

Vanquished Creatures
  An ogre (D:4)
  2 kobold brigands (Sewer)
  3 wights (D:5)
  A jelly (D:5)
  3 hounds
  An orc priest (Temple)
  An iguana (D:4)
  9 adders
  4 gnolls (D:3)
  6 worms
  3 dart slugs
  5 orcs
  6 endoplasms
  5 giant cockroaches
  5 goblins
  6 hobgoblins
  4 jackals (D:3)
  2 quokkas
  10 ball pythons
  5 bats
  5 frilled lizards
  7 kobolds
  12 rats
106 creatures vanquished.

Notes
Turn   | Place    | Note
-------+----------+-------------------------------------------
     0 | D:5      | sscrono2 the Octopode Delver began the quest for the Orb.
     0 | D:5      | Reached XP level 1. HP: 16/16 MP: 1/1
    46 | D:5      | Reached XP level 2. HP: 21/21 MP: 2/2
    84 | D:5      | Found a staircase to the Ecumenical Temple.
    93 | Temple   | Entered the Ecumenical Temple
    97 | Temple   | Reached skill level 3 in Unarmed Combat
    97 | Temple   | Reached XP level 3. HP: 18/26 MP: 3/3
   186 | Temple   | Became a worshipper of Ru the Awakened
   248 | D:5      | Noticed a black bear
   456 | D:5      | Found a white marble altar of Elyvilon.
   491 | D:4      | Reached skill level 4 in Unarmed Combat
   500 | D:4      | Reached XP level 4. HP: 31/31 MP: 4/4
   576 | D:3      | Found a shimmering altar of Xom.
   580 | D:3      | Found a glowing drain.
   605 | Sewer    | Entered a sewer
   852 | Sewer    | Noticed a kobold brigand
   852 | Sewer    | Noticed a kobold brigand
   863 | Sewer    | Killed a kobold brigand
   864 | Sewer    | Reached skill level 5 in Unarmed Combat
   864 | Sewer    | Reached XP level 5. HP: 10/36 MP: 5/5
   866 | Sewer    | Gained mutation: Your muscles are strong. (Str +4, Int/Dex
                  | -1) [potion of mutation]
   866 | Sewer    | Gained mutation: Your mind is acute. (Int +4, Str/Dex -1)
                  | [potion of mutation]
   866 | Sewer    | Lost mutation: Your muscles are strong. (Str +4, Int/Dex
                  | -1) [potion of mutation]
   866 | Sewer    | Gained mutation: You have hidden genetic potential. [potion
                  | of mutation]
   873 | Sewer    | Killed a kobold brigand
   874 | Sewer    | Reached skill level 6 in Unarmed Combat
   874 | Sewer    | Reached XP level 6. HP: 10/42 MP: 6/6
  1425 | D:2      | Gained mutation: You are sensitive to extremes of
                  | temperature. (rF-, rC-) [Ru sacrifice]
  1425 | D:2      | Reached * piety under Ru
  1425 | D:2      | Reached ** piety under Ru
  1463 | D:2      | Gained mutation: You have great hidden genetic potential.
                  | [hidden potential]
  1488 | D:2      | Identified the +3 spear "Tudonn" {antimagic, rC++ Dex+3}
  1836 | D:1      | Found a faded altar of an unknown god.
  2507 | D:3      | Found an opulent altar of Gozag.
  2697 | D:3      | Learned a level 2 spell: Passwall
  2780 | D:3      | Reached skill level 1 in Shields
  3016 | D:3      | Found a snail-covered altar of Cheibriados.
  3547 | D:4      | Reached XP level 7. HP: 43/46 MP: 7/7
  3574 | D:4      | Reached skill level 7 in Unarmed Combat
  3574 | D:4      | Reached skill level 1 in Transmutations
  3574 | D:4      | Reached skill level 1 in Earth Magic
  3595 | D:4      | Gained mutation: You have an increased reservoir of magic.
                  | (+10% MP) [hidden potential]
  3595 | D:4      | Lost mutation: You have great hidden genetic potential.
                  | [hidden potential expressed]
  3759 | D:4      | Gained mutation: You cannot study or use magical devices.
                  | [Ru sacrifice]
  3759 | D:4      | Reached *** piety under Ru
  3759 | D:4      | Reached **** piety under Ru
  4208 | D:5      | Found a shadowy altar of Dithmenos.
  4404 | D:5      | Reached skill level 1 in Spellcasting
  4542 | D:5      | Slain by a wight

Illustrated notes

Levels and vault maps discovered:
D:1:      tarquinn_simple_flora_water_f, layout_basic,
          chequers_ecumenical_altar_grove, chequers_jeans
D:2:      minmay_inner_zag, layout_rooms
D:3:      minmay_razor_zed, layout_basic, mainiacjoe_overflow_six_doors_small,
          overflow_temple_1_default, mainiacjoe_overflow_catwalk,
          cheibrodos_sewer_entry_sluice
D:4:      layout_gridville
D:5:      layout_basic, lemuel_tele_altar,
          nicolae_dithmenos_through_a_glass_darkly,
          minmay_temple_entry_large_hall, grunt_decor_arrowhead
Temple:   zaba_magenta_temple

Skill      XL: |  1  2  3  4  5  6  7 |
---------------+----------------------+-----
Unarmed Combat | 3 4 5 6 7 |  7.2
Shields        | 1 |  1.7
Transmutations | 2 |  2.0
Earth Magic    | 2 |  2.0
Spellcasting   | 1 |  1.1
Fighting       | |  3.4
Dodging        | |  2.5
Stealth        | |  6.6

Action                   |  1- 3 |  4- 6 |  7- 9 || total
-------------------------+-------+-------+-------++-------
Melee: Unarmed           |    21 |   146 |    46 ||   213
       Constrict         |     7 |    37 |    11 ||    55
       Tentacles         |     8 |    25 |    10 ||    43
       Punch             |       |     4 |     4 ||     8
Throw: Dart              |       |       |     7 ||     7
Invok: Sacrifice Resista |       |     1 |       ||     1
       Sacrifice Artific |       |       |     1 ||     1
  Use: Scroll            |       |     2 |     5 ||     7
       Potion            |       |     4 |       ||     4
 Stab: Sleeping          |     2 |    29 |     2 ||    33
       Distracted        |       |       |     1 ||     1
Armor: Skin              |       |    14 |     1 ||    15
Dodge: Dodged            |    16 |    54 |    18 ||    88

Table legend: (Time is in decaauts)
 A = Elapsed time spent in this place.
 B = Non-inter-level travel time spent in this place.
 C = Inter-level travel time spent in this place.
 D = Time resting spent in this place.
 E = Time spent auto-exploring this place.
 F = Levels seen in this place.
 G = Mean time per level.
                   A        B        C        D        E       F      G
               +--------+--------+--------+--------+--------+-----+--------+
         Total |   4520 |   4399 |    121 |    385 |   2912 |   7 |  645.7 |
       Dungeon |   3817 |   3696 |    121 |    226 |   2575 |   5 |  763.4 |
        Temple |    120 |    120 |      0 |     31 |     50 |   1 |  120.0 |
         Sewer |    583 |    583 |      0 |    128 |    287 |   1 |  583.0 |
               +--------+--------+--------+--------+--------+-----+--------+

Top non-repeatable levels by time:
     D:3: 1138 daAuts
     D:5: 752 daAuts
     D:4: 715 daAuts
     D:1: 703 daAuts
   Sewer: 583 daAuts
     D:2: 508 daAuts
  Temple: 120 daAuts
